 Dungeon Crawl Stone Soup version 0.30-a0-847-g17996783a1 (webtiles) character file.

Game seed: 9209476269970426093

122434 Ceno the Unseen (level 16, -5/143 HPs)
             Began as a Gnoll Hedge Wizard on Mar 2, 2023.
             Was a High Priest of Ashenzari.
             Slain by a shambling mangrove (19 damage)
             ... on level 2 of the Swamp on Mar 3, 2023.
             The game lasted 02:05:16 (35387 turns).

Ceno the Unseen (Gnoll Hedge Wizard)               Turns: 35387, Time: 02:05:16

Health: -5/143     AC: 19    Str: 14    XL:     16   Next: 87%
Magic:  0/39       EV: 18    Int: 18    God:    Ashenzari [*****.]
Gold:   2149       SH: 15    Dex: 14    Spells: 21/54 levels left

rFire   + + .      SeeInvis +    b - +0 eveningstar (freeze)
rCold   + . .      Faith    .    o - +2 kite shield "Ensconced Restlessness" {rF+, Fort, Self} (curse)
rNeg    . . .      Spirit   +    S - +0 acid dragon scales "Ruined Burden" {rCorr, Self, Range} (curse)
rPois   .          Reflect  .    T - +1 helmet "Comet of the Soothsayer" {Int+3, Bglg, Fort} (curse)
rElec   .          Rampage  .    m - +0 cloak of Panopticon {Cun, Self} (curse)
rCorr   +          Clarity  +    v - +0 pair of gloves of the Eye in the Sky {Cun, Self} (curse)
Will    ++...                    P - +2 pair of boots of Ashenzari's Ennui {Elem, Comp} (curse)
Stlth   +++++++                  h - amulet "Oracular Inconvenience" {Spirit, Comp, Alch} (curse)
HPRegen 0.43/turn                U - ring of flight
MPRegen 0.26/turn                O - ring "Chained Water Diviner" {rF+ rC+ Will+, Melee, Self} (curse)

@: flying, hasted, studying Stealth, very quick
A: fangs 1, strong nose, distributed training
a: Renounce Religion, Curse Item, Shatter the Chains


You were on level 2 of the Swamp.
You worshipped Ashenzari.
Ashenzari was extremely pleased with you.
You visited 5 branches of the dungeon, and saw 25 of its levels.
You also visited: Ossuary, Gauntlet and Ice Cave.

You collected 2566 gold pieces.
You spent 417 gold pieces at shops.

Inventory:

Hand Weapons
 a - a +3 dagger of draining
 b - a +0 eveningstar of freezing (weapon)
 X - a +4 demon whip of venom
Missiles
 n - 252 stones
 y - 8 curare-tipped darts
 V - 5 javelins
Armour
 m - the cursed +0 cloak of Panopticon (worn) {Cun, Self}
   (You found it on level 4 of the Dungeon)

   It has a curse which improves the following skills: Cunning: Dodging and
   Stealth.
   Introspection: Fighting and Spellcasting.
 o - the cursed +2 kite shield "Ensconced Restlessness" (worn) {rF+, Fort, Self}
   (You found it in a Gauntlet)

   rF:        It protects you from fire.
   It has a curse which improves the following skills: Fortitude: Armour and
   Shields.
   Introspection: Fighting and Spellcasting.
 v - the cursed +0 pair of gloves of the Eye in the Sky (worn) {Cun, Self}
   (You found it on level 2 of the Dungeon)

   It has a curse which improves the following skills: Cunning: Dodging and
   Stealth.
   Introspection: Fighting and Spellcasting.
 H - a +1 scale mail of fire resistance
 P - the cursed +2 pair of boots of Ashenzari's Ennui (worn) {Elem, Comp}
   (You found it on level 9 of the Dungeon)

   It has a curse which improves the following skills: Elements: Fire Magic, Ice
   Magic, Air Magic and Earth Magic.
   Companions: Summonings and Necromancy.
 S - the cursed +0 acid dragon scales "Ruined Burden" (worn) {rCorr, Self, Range}
   (You found it on level 10 of the Dungeon)

   rCorr:     It protects you from acid and corrosion.
   It has a curse which improves the following skills: Introspection: Fighting
   and Spellcasting.
   Ranged Combat: Ranged Weapons and Throwing.
 T - the cursed +1 helmet "Comet of the Soothsayer" (worn) {Int+3, Bglg, Fort}
   (You found it in a Gauntlet)

   It has a curse which improves the following skills: Beguiling: Conjurations,
   Hexes and Translocations.
   Fortitude: Armour and Shields.
Jewellery
 f - a +6 ring of intelligence
 h - the cursed amulet "Oracular Inconvenience" (around neck) {Spirit, Comp, Alch}
   (You found it on level 1 of the Dungeon)

   [amulet of guardian spirit]

   It causes incoming damage to be divided between your reserves of health and
   magic.
   It has a curse which improves the following skills: Companions: Summonings
   and Necromancy.
   Alchemy:   Poison Magic and Transmutations.
 r - a ring of willpower
 u - a ring of poison resistance
 O - the cursed ring "Chained Water Diviner" (right hand) {rF+ rC+ Will+, Melee, Self}
   (You acquired it on level 11 of the Dungeon)

   [ring of protection from fire]

   rF:        It protects you from fire.
   rC:        It protects you from cold.
   Will:      It increases your willpower.
   It has a curse which improves the following skills: Melee Combat: Short
   Blades, Long Blades, Axes, Maces & Flails, Polearms, Staves and Unarmed
   Combat.
   Introspection: Fighting and Spellcasting.
 Q - the ring of Feluic {rCorr Str+2 Dex+6}
   (You found it in a Gauntlet)

   [ring of dexterity]

   Str:       It affects your strength (+2).
   Dex:       It affects your dexterity (+6).
   rCorr:     It protects you from acid and corrosion.
 U - a ring of flight (left hand)
Wands
 B - a wand of roots (24)
 I - a wand of flame (28)
 M - a wand of light (16)
 W - a wand of paralysis (17)
Scrolls
 e - 16 scrolls of teleportation
 g - 5 scrolls of fear
 s - 4 scrolls of magic mapping
 t - a scroll of enchant armour
 x - 5 scrolls of poison
 C - 3 scrolls of silence
 D - a scroll of amnesia
 F - 3 scrolls of vulnerability
 G - 4 scrolls of fog
 J - a scroll of summoning
 L - 3 scrolls of brand weapon
 R - 2 scrolls of blinking
 Y - 2 scrolls of acquirement
Potions
 c - 3 potions of brilliance
 d - 2 potions of heal wounds
 i - 3 potions of lignification
 j - 5 potions of might
 k - 3 potions of cancellation
 l - 5 potions of haste
 p - 3 potions of attraction
 q - 4 potions of flight
 w - a potion of magic
 z - 8 potions of curing
 A - 4 potions of ambrosia
 E - 3 potions of resistance
 Z - 2 potions of berserk rage
Miscellaneous
 K - a tin of tremorstones (1/2)
 N - a phantom mirror


   Skills:
 + Level 11.6(18.0) Fighting
 + Level 11.6(13.9) Short Blades
 + Level 11.6(13.9) Long Blades
 + Level 11.6(13.9) Axes
 + Level 11.6(13.9) Maces & Flails
 + Level 11.6(13.9) Polearms
 + Level 11.6(13.9) Staves
 + Level 11.6(13.9) Ranged Weapons
 + Level 11.6(13.9) Throwing
 + Level 11.6(15.0) Armour
 + Level 12.4(15.8) Dodging
 + Level 16.2(19.5) Stealth
 + Level 11.6(15.0) Shields
 + Level 11.6(13.9) Unarmed Combat
 + Level 13.5(19.9) Spellcasting
 + Level 10.0(12.3) Conjurations
 + Level 9.8(12.1) Hexes
 + Level 10.0(13.5) Summonings
 + Level 9.8(13.2) Necromancy
 + Level 10.0(12.3) Translocations
 + Level 9.8(12.1) Transmutations
 + Level 9.8(12.1) Fire Magic
 + Level 9.8(12.1) Ice Magic
 + Level 9.8(12.1) Air Magic
 + Level 9.8(12.1) Earth Magic
 + Level 9.8(12.1) Poison Magic
 + Level 12.6 Invocations
 + Level 11.6 Evocations


You had 21 spell levels left.
You knew the following spells:

 Your Spells              Type           Power      Damage    Failure   Level
a - Sticky Flame          Conj/Fire      58%        2d7       1%          4
b - Iron Shot             Conj/Erth      29%        9d6       7%          6
c - Call Imp              Summ           61%        N/A       1%          2
d - Mephitic Cloud        Conj/Pois/Air  58%        N/A       1%          3
e - Iskenderun's Battles  Conj           58%        2d11      1%          5
f - Magic Dart            Conj           100%       1d8       1%          1
g - Cigotuvi's Dreadful   Necr/Pois/Air  100%       N/A       1%          2
s - Dispersal             Tloc           29%        N/A       6%          6
w - Leda's Liquefaction   Hex/Erth       28%        N/A       1%          4

Your spell library contained the following spells:

 Spells                   Type           Power      Damage    Failure   Level
 Freeze                   Ice            100%       1d10      1%          1
 Sandblast                Erth           100%       2d20      1%          1
 Slow                     Hex            100%       N/A       1%          1
 Blink                    Tloc           100%       N/A       1%          2
 Ensorcelled Hibernation  Hex/Ice        100%       N/A       1%          2
 Lesser Beckoning         Tloc           100%       N/A       1%          2
 Momentum Strike          Conj/Tloc      100%       3d10      1%          2
 Passwall                 Tmut/Erth      47%        N/A       1%          2
 Sublimation of Blood     Necr           60%        N/A       1%          2
 Call Canine Familiar     Summ           61%        N/A       1%          3
 Dazzling Flash           Conj/Hex       100%       N/A       1%          3
 Gell's Gravitas          Tloc           58%        N/A       1%          3
 Ignite Poison            Fire/Tmut/Pois 57%        N/A       1%          3
 Kindle Blastsparks       Fire/Tloc/Air  100%       2d18      1%          3
 Portal Projectile        Hex/Tloc       100%       N/A       1%          3
 Stone Arrow              Conj/Erth      100%       3d13      1%          3
 Teleport Other           Tloc           58%        N/A       1%          3
 Airstrike                Air            28%        2d(5-21)  1%          4
 Animate Dead             Necr           60%        N/A       1%          4
 Manifold Assault         Tloc           58%        N/A       1%          4
 Petrify                  Tmut/Erth      57%        N/A       1%          4
 Summon Ice Beast         Ice/Summ       59%        N/A       1%          4
 Summon Lightning Spire   Summ/Air       59%        N/A       1%          4
 Agony                    Necr           60%        N/A       1%          5
 Freezing Cloud           Conj/Ice/Air   29%        6-21      1%          5
 Lee's Rapid Deconstruct  Erth           28%        3d15*     1%          5
 Lightning Bolt           Conj/Air       29%        1d45      1%          5
 Silence                  Hex/Air        28%        N/A       1%          5
 Statue Form              Tmut/Erth      38%        N/A       7%          6
 Malign Gateway           Summ/Tloc      29%        N/A       26%         7
 Spellforged Servitor     Conj/Summ      29%        N/A       26%         7
 Ozocubu's Refrigeration  Ice            28%        4d13      36%         7
 Summon Horrible Things   Summ           30%        N/A       86%         8
 Disjunction              Tloc           29%        N/A       95%         8
 Ignition                 Fire           28%        3d9       96%         8
 Polar Vortex             Ice            28%        N/A       100%        9


Dungeon Overview and Level Annotations

Branches:
Dungeon (15/15)            Temple (1/1) D:7            Lair (5/5) D:8
  Swamp (2/4) Lair:3       Spider (0/4) Lair:3        Slime (0/5) Lair:5
    Orc (2/2) D:9             Elf (0/3) Orc:2        Vaults (0/5) D:13
 Depths (0/4) D:15        Ossuary (visited)           IceCv (visited)
Gauntlet (visited)

Altars:
Ashenzari
Cheibriados
Dithmenos
Elyvilon
Fedhas
Gozag
Kikubaaqudgha
Makhleb
Nemelex Xobeh
Okawaru
Qazlal
Ru
Sif Muna
Trog
Uskayaw
Vehumet
Wu Jian
Xom
Yredelemnul
Zin
The Shining One
Jiyva

Shops:
D:7 !   Orc:2 ((*!=?*?=

Portals:
Abyss: D:9

Annotations:
D:9 2 transporters, demibob's ghost, novice DsGl


Innate Abilities, Weirdness & Mutations

You have very sharp teeth.
Your uncanny sense of smell can sniff out nearby items.
Your experience applies equally to all skills.


Message History

Press: ? - help, Shift-Dir - straight line, f/p - bunyip
Aim: a bunyip (steam, severely wounded)
The sticky flame hits the bunyip.
The bunyip is severely wounded.
The bunyip is covered in liquid flames!
The flames covering the bunyip go out.
The bunyip stops burning.
The bunyip barely misses you. The bunyip closely misses you.
The bunyip claws you but does no damage.
The bunyip is engulfed in a cloud of scalding steam.
The bunyip claws you but does no damage.
The bunyip claws you!! x2
* * * LOW HITPOINT WARNING * * *
Okay, then.
Blink to where?
Press: ? - help, Dir - move target, p - bunyip
As you read the scroll of blinking, it crumbles to dust.
The bunyip howls a warning cry!
The bunyip howls a warning cry!
Your magical contamination has completely faded away.
You block the bunyip's attack. The bunyip misses you.
You block the bunyip's attack. The bunyip attacks as you move away!
You block the bunyip's attack. x2
The bunyip claws you!
* * * LOW HITPOINT WARNING * * *
You feel yourself speed up. You block the bunyip's attack.
The bunyip claws you but does no damage.
The bunyip claws you!
* * * LOW HITPOINT WARNING * * *
The bunyip howls a warning cry!
The bunyip howls a warning cry!
The bunyip howls a warning cry!
The bunyip howls a warning cry!
The bunyip howls a warning cry!
The bunyip howls a warning cry!
There is a stone staircase leading down here.
You fly downwards.
The spriggan rider hits you with a +0 spear!
* * * LOW HITPOINT WARNING * * *
The shambling mangrove hits you!!
You die...

*~
....♣♣~...§~.~~,,
* ,,
,..~....n.....~~
~~~ , ~ * , ~~
.~~~~~~n~~.~♣..
,~ ,~
.~~~~~~~†~D~♣ **
, ,, , ~,
,,.....~~~~~~♣♣
,, ~ , ~
~~♣♣.~~~~~.♣ ** ,
* * *,~~
.~♣♣.÷~~..♣♣ * ~
,, .~~..$..i♣♣**
,~~, ~ ~ ~,
.~.}.).@♣♣ * ~~ *
, ~ ~ , ,
..~♣.~f~♣ ,, ~, ~
,,,.~~~~~~.♣ , ~,
~, ~ ~~,
~~~~~~.~~~♣ *~ ~
, ~ ~~~
~~~~~w...♣♣ ~~
~~~~ ~ ~
,~~~~~../.{ * ,~~
~~,, , .~(.~~~ *
,∆~ ~~~ * ~ *
♣♣♣♣♣~~ *~ ∆~ ~
~~ ~ ♣♣♣♣♣♣* * *
,,* , ~~ ~ ~


You could see a shambling mangrove, a seven-headed hydra, a spriggan rider, a
swamp worm (wandering) and 2 bloated husks.

Vanquished Creatures
  Jorgrun (D:13)
  Kirke (Lair:4)
  Roxanne (Swamp:1)
  3 orc warlords
  A stone giant (D:15)
  An eleionoma (Lair:3)
  A bunyip (Swamp:1)
  A minotaur (Gauntlet)
  Snorg (D:11)
  A vault guard (D:13)
  5 hydras
  A rakshasa (D:15)
  5 ogre magi
  A centaur warrior (D:14)
  3 boulder beetles
  2 ironbound frosthearts (IceCv)
  4 tengu warriors
  5 catoblepae
  21 two-headed ogres
  2 alligators
  11 death yaks
  An orc high priest (Orc:1)
  Amaemon (Lair:2)
  3 spriggans (Swamp:2)
  A hell knight (D:15)
  3 skeletal warriors (D:14)
  A pharaoh ant (Lair:2)
  3 goliath frogs
  6 slime creatures
  5 deep elf pyromancers
  4 wizards
  A harpy (shapeshifter) (D:11)
  An orc knight (D:15)
  Pikel (D:7)
  2 swamp dragons
  4 orc sorcerers
  2 deep elf zephyrmancers
  A wolf spider (D:15)
  4 cyclopes
  5 ugly things
  3 manticores
  A necromancer (D:13)
  A shining eye (shapeshifter) (D:13)
  4 elephants
  Maurice (D:9)
  3 black mambas
  An ice statue (IceCv)
  11 cane toads
  2 gargoyles
  An orange demon (Lair:2)
  2 unseen horrors
  Psyche (D:8)
  An efreet (D:14)
  4 komodo dragons
  A rime drake (shapeshifter) (D:13)
  A tengu conjurer (D:9)
  A yaktaur (D:15)
  A bloated husk (Swamp:2)
  5 trolls
  4 hornets
  11 polar bears
  6 dream sheep (Lair:4)
  2 tyrant leeches (Swamp:1)
  23 blink frogs
  A raiju (shapeshifter) (D:13)
  A dream sheep (shapeshifter) (D:15)
  2 jumping spiders (Lair:3)
  3 centaur simulacra (Gauntlet)
  4 wraiths
  Sigmund (D:6)
  A shadow (D:9)
  74 yaks
  3 wyverns
  3 hogs (Lair:4)
  21 humans (D:13)
  7 basilisks
  2 steam dragons
  3 swamp worms
  A redback (Lair:2)
  14 vampire mosquitoes
  9 wargs
  A hydra simulacrum (Gauntlet)
  3 acid dragons
  A swamp drake (Orc:1)
  10 water moccasins
  2 ice beasts
  2 black bears
  27 orc warriors
  2 sky beasts
  7 centaurs
  32 ogres
  4 boggarts (Lair:3)
  26 wolves
  A phantom (D:7)
  7 bullfrogs
  3 kobold brigands
  3 scorpions
  2 gnoll sergeants
  4 wights
  3 killer bees (D:7)
  2 electric eels (Lair:2)
  2 howler monkeys (D:11)
  A crimson imp (Orc:1)
  2 hounds
  22 orc priests
  2 gnoll boudas
  An iron imp (Orc:1)
  2 jellies
  4 hell rats (Lair:4)
  An iguana (D:4)
  31 orc wizards
  7 mummies (Ossuary)
  12 gnolls
  4 adders
  3 shadow imps
  4 white imps
  A worm (D:2)
  4 dart slugs
  110 orcs
  3 ball pythons
  2 bats
  3 endoplasms
  A giant cockroach (D:4)
  17 goblins
  9 hobgoblins
  16 kobolds
  2 quokkas
  2 kobold zombies (Ossuary)
  2 orc zombies (Ossuary)
  4 rats
778 creatures vanquished.

Vanquished Creatures (collateral kills)
  A yak (D:9)
  A sky beast (D:6)
  An ice beast (D:6)
  A phantom (D:4)
  An ogre (D:6)
  A scorpion (D:4)
  An orc priest (D:3)
  A hound (D:4)
  A mummy (Ossuary)
  An adder (D:5)
  A shadow imp (D:5)
  An ufetubus (D:4)
  A dart slug (D:2)
  2 orcs (D:3)
  A hobgoblin (D:4)
  2 hobgoblin zombies (Ossuary)
  2 kobold zombies (Ossuary)
20 creatures vanquished.

Vanquished Creatures (others)
  An eleionoma (Swamp:1)
  2 electric eels
  2 orcs (Orc:2)
  3 demonic plants (Gauntlet)
  18 fungi
  36 plants
62 creatures vanquished.

Grand Total: 860 creatures vanquished

Notes
Turn   | Place    | Note
-------+----------+-------------------------------------------
     0 | D:1      | Ceno the Gnoll Hedge Wizard began the quest for the Orb.
     0 | D:1      | Reached XP level 1. HP: 13/13 MP: 8/8
     2 | D:1      | Learned a level 1 spell: Slow
   446 | D:1      | Reached XP level 2. HP: 19/19 MP: 6/10
   481 | D:1      | Learned a level 2 spell: Call Imp
   484 | D:1      | Learned a level 2 spell: Cigotuvi's Dreadful Rot
  1249 | D:2      | Reached XP level 3. HP: 11/25 MP: 1/11
  1489 | D:2      | Reached skill level 1 in Invocations
  2119 | D:2      | Reached skill level 1 in Fighting
  2119 | D:2      | Reached skill level 1 in Short Blades
  2119 | D:2      | Reached skill level 1 in Long Blades
  2119 | D:2      | Reached skill level 1 in Axes
  2119 | D:2      | Reached skill level 1 in Maces & Flails
  2119 | D:2      | Reached skill level 1 in Polearms
  2119 | D:2      | Reached skill level 1 in Staves
  2119 | D:2      | Reached skill level 1 in Ranged Weapons
  2119 | D:2      | Reached skill level 1 in Throwing
  2119 | D:2      | Reached skill level 1 in Armour
  2119 | D:2      | Reached skill level 1 in Shields
  2119 | D:2      | Reached skill level 1 in Unarmed Combat
  2119 | D:2      | Reached skill level 1 in Evocations
  2547 | D:3      | Noticed a kobold brigand
  2599 | D:3      | Killed a kobold brigand
  2600 | D:3      | Reached skill level 1 in Hexes
  2600 | D:3      | Reached skill level 1 in Necromancy
  2600 | D:3      | Reached skill level 1 in Transmutations
  2600 | D:3      | Reached skill level 1 in Fire Magic
  2600 | D:3      | Reached skill level 1 in Ice Magic
  2600 | D:3      | Reached skill level 1 in Air Magic
  2600 | D:3      | Reached skill level 1 in Earth Magic
  2600 | D:3      | Reached skill level 1 in Poison Magic
  2600 | D:3      | Reached XP level 4. HP: 22/32 MP: 13/13
  2600 | D:3      | Reached XP level 5. HP: 25/37 MP: 14/14
  2769 | D:3      | Found a faded altar of an unknown god.
  3074 | D:3      | Reached XP level 6. HP: 44/44 MP: 16/16
  3241 | D:3      | Found a basalt altar of Yredelemnul.
  3446 | D:4      | Found a glowing silver altar of Zin.
  3510 | D:4      | Reached skill level 5 in Dodging
  3772 | D:4      | Found a sand-covered staircase.
  3780 | Ossuary  | Entered an ossuary
  3987 | Ossuary  | Reached XP level 7. HP: 50/50 MP: 18/18
  4162 | D:4      | Learned a level 3 spell: Mephitic Cloud
  4175 | D:4      | Found an ancient bone altar of Kikubaaqudgha.
  4175 | D:4      | Found an ornate altar of the Wu Jian Council.
  4807 | D:5      | Entered Level 5 of the Dungeon
  4863 | D:4      | Reached skill level 5 in Stealth
  5033 | D:5      | Reached XP level 8. HP: 58/58 MP: 19/19
  5785 | D:6      | Noticed Sigmund
  5795 | D:6      | Killed Sigmund
  5855 | D:6      | Reached skill level 6 in Stealth
  6008 | D:6      | Reached XP level 9. HP: 57/65 MP: 13/21
  6812 | D:7      | Found a staircase to the Ecumenical Temple.
  6859 | Temple   | Entered the Ecumenical Temple
  6970 | Temple   | Became a worshipper of Ashenzari the Shackled
  7146 | D:7      | Reached skill level 7 in Stealth
  7250 | D:7      | Reached skill level 5 in Invocations
  7369 | D:7      | Found Obuybboh's Distillery.
  7410 | D:7      | Noticed Pikel
  7417 | D:7      | Killed Pikel
  7591 | D:6      | Reached skill level 5 in Fighting
  7591 | D:6      | Reached skill level 5 in Short Blades
  7591 | D:6      | Reached skill level 5 in Long Blades
  7591 | D:6      | Reached skill level 5 in Axes
  7591 | D:6      | Reached skill level 5 in Maces & Flails
  7591 | D:6      | Reached skill level 5 in Polearms
  7591 | D:6      | Reached skill level 5 in Staves
  7591 | D:6      | Reached skill level 5 in Ranged Weapons
  7591 | D:6      | Reached skill level 5 in Throwing
  7591 | D:6      | Reached skill level 5 in Armour
  7591 | D:6      | Reached skill level 5 in Shields
  7591 | D:6      | Reached skill level 5 in Unarmed Combat
  7591 | D:6      | Reached skill level 5 in Evocations
  7591 | D:6      | Reached XP level 10. HP: 43/73 MP: 18/22
  7928 | D:6      | Learned a level 4 spell: Sticky Flame
  8194 | D:8      | Noticed Psyche
  8205 | D:8      | Killed Psyche
  8206 | D:8      | Reached skill level 8 in Stealth
  8793 | D:8      | Reached skill level 5 in Conjurations
  8793 | D:8      | Reached skill level 5 in Summonings
  8793 | D:8      | Reached skill level 5 in Translocations
  9323 | D:8      | Found a staircase to the Lair.
  9534 | D:9      | Found a transporter.
  9564 | D:9      | Reached * piety under Ashenzari
  9647 | D:9      | Found a one-way gate to the infinite horrors of the Abyss.
  9647 | D:9      | Noticed demibob's ghost (novice DsGl)
  9684 | D:9      | Noticed a sixfirhy
  9776 | D:9      | Found a transporter.
  9919 | D:9      | Found a staircase to the Orcish Mines.
  9948 | D:9      | Reached skill level 9 in Stealth
 10124 | D:9      | Noticed a catoblepas
 10144 | D:9      | Reached skill level 5 in Hexes
 10144 | D:9      | Reached skill level 5 in Necromancy
 10144 | D:9      | Reached skill level 5 in Transmutations
 10144 | D:9      | Reached skill level 5 in Fire Magic
 10144 | D:9      | Reached skill level 5 in Ice Magic
 10144 | D:9      | Reached skill level 5 in Air Magic
 10144 | D:9      | Reached skill level 5 in Earth Magic
 10144 | D:9      | Reached skill level 5 in Poison Magic
 10194 | D:9      | Killed a catoblepas
 10195 | D:9      | Reached XP level 11. HP: 66/81 MP: 17/24
 10558 | D:10     | Entered Level 10 of the Dungeon
 10578 | D:10     | Found a shimmering altar of Xom.
 10583 | D:10     | Noticed a cyclops
 10617 | D:10     | Killed a cyclops
 10950 | D:10     | Noticed a two-headed ogre
 10956 | D:10     | Killed a two-headed ogre
 11128 | D:10     | Reached skill level 10 in Stealth
 11293 | D:10     | Reached ** piety under Ashenzari
 11626 | Lair:1   | Entered Level 1 of the Lair of Beasts
 11691 | Lair:1   | Reached skill level 10 in Spellcasting
 12261 | Lair:1   | Noticed a death yak
 12261 | Lair:1   | Noticed a death yak
 12307 | Lair:1   | Reached XP level 12. HP: 93/94 MP: 23/27
 12311 | Lair:1   | Noticed a death yak
 12312 | Lair:1   | Noticed a death yak
 12339 | D:8      | Killed a death yak
 12805 | Lair:1   | Killed a death yak
 12819 | Lair:1   | Killed a death yak
 12820 | Lair:1   | Reached skill level 11 in Stealth
 12825 | Lair:1   | Killed a death yak
 13029 | Lair:1   | Reached *** piety under Ashenzari
 13199 | Lair:2   | Identified the +3 rapier of the Inferno {venom, rF+ rC+
                  | Int-2}
 13348 | Lair:2   | Reached **** piety under Ashenzari
 13446 | Lair:2   | Noticed Amaemon
 13452 | Lair:2   | Killed Amaemon
 14409 | Lair:3   | Found a hole to the Spider Nest.
 14450 | Lair:2   | HP: 3/126 [pharaoh ant (9)]
 14503 | Lair:2   | Identified the cursed +0 cloak of Panopticon {Cun, Self}
                  | (You found it on level 4 of the Dungeon)
 14503 | Lair:2   | Identified the cursed +2 pair of boots of Ashenzari's Ennui
                  | {Elem, Comp} (You found it on level 9 of the Dungeon)
 14503 | Lair:2   | Identified the cursed +2 leather armour of Supernal
                  | Knowledge {rF+, Self, Bglg} (You took it off a gnoll bouda
                  | on level 6 of the Dungeon)
 15166 | Lair:3   | Reached XP level 13. HP: 108/108 MP: 31/31
 15351 | Lair:3   | Found a staircase to the Swamp.
 15606 | Lair:3   | Reached skill level 12 in Stealth
 15804 | Lair:3   | Learned a level 4 spell: Leda's Liquefaction
 15992 | Lair:4   | Found a snail-covered altar of Cheibriados.
 16014 | Lair:4   | Found a frozen archway.
 16025 | IceCv    | Entered an ice cave
 16901 | IceCv    | Reached skill level 10 in Dodging
 17148 | IceCv    | Identified Kebod's Cyclopedia of Chilblains
 17153 | IceCv    | Identified the +4 scale mail of Cowardice {Rampage Will+
                  | Str+3}
 18226 | Lair:4   | Learned a level 6 spell: Iron Shot
 18390 | Lair:5   | Entered Level 5 of the Lair of Beasts
 18390 | Lair:5   | Found a staircase to the Slime Pits.
 18390 | Lair:5   | Found a viscous altar of Jiyva.
 18618 | Lair:4   | Reached skill level 13 in Stealth
 18630 | Lair:4   | Reached XP level 14. HP: 87/115 MP: 9/32
 18633 | Lair:4   | Reached skill level 10 in Invocations
 19001 | Lair:5   | Noticed Kirke
 19557 | Lair:4   | Killed Kirke
 21314 | D:11     | Learned a level 5 spell: Iskenderun's Battlesphere
 21456 | D:11     | Identified a scroll of acquirement
 21463 | D:11     | Acquired the ring "Haunocs" {rF+ rC+ Will+}
 22280 | D:11     | Reached skill level 14 in Stealth
 22361 | D:11     | Noticed Snorg
 22370 | D:11     | Killed Snorg
 22938 | D:12     | Reached skill level 10 in Fighting
 22938 | D:12     | Reached skill level 10 in Short Blades
 22938 | D:12     | Reached skill level 10 in Long Blades
 22938 | D:12     | Reached skill level 10 in Axes
 22938 | D:12     | Reached skill level 10 in Maces & Flails
 22938 | D:12     | Reached skill level 10 in Polearms
 22938 | D:12     | Reached skill level 10 in Staves
 22938 | D:12     | Reached skill level 10 in Ranged Weapons
 22938 | D:12     | Reached skill level 10 in Throwing
 22938 | D:12     | Reached skill level 10 in Armour
 22938 | D:12     | Reached skill level 10 in Shields
 22938 | D:12     | Reached skill level 10 in Unarmed Combat
 22938 | D:12     | Reached skill level 10 in Evocations
 23201 | D:12     | Found an opulent altar of Gozag.
 23207 | D:12     | Reached ***** piety under Ashenzari
 23539 | Orc:1    | Entered Level 1 of the Orcish Mines
 23539 | Orc:1    | Noticed an orc warlord
 23566 | D:9      | HP: 1/121 [orc warlord/+3 heavy battleaxe (32)]
 23570 | D:9      | Killed an orc warlord
 24077 | D:9      | Reached XP level 15. HP: 97/121 MP: 26/35
 24158 | Orc:1    | Noticed Maurice
 24346 | D:9      | Killed Maurice
 25074 | Orc:2    | Entered Level 2 of the Orcish Mines
 25074 | Orc:2    | Found San Col's Assorted Antiques.
 25686 | Orc:1    | Learned a level 6 spell: Dispersal
 25689 | Orc:2    | Noticed an orc warlord
 25922 | Orc:2    | Paralysed by an orc sorcerer for 4 turns
 25941 | Orc:1    | Killed an orc warlord
 26690 | Orc:2    | Found Icufofan's Distillery.
 26690 | Orc:2    | Found Coepnov's Jewellery Shop.
 26691 | Orc:2    | Found Arexont's Antique Weapon Boutique.
 26691 | Orc:2    | Found Ragytaz's General Store.
 26813 | Orc:2    | Found Carhuwn's Magic Scroll Emporium.
 26821 | Orc:2    | Bought a scroll of enchant armour for 120 gold pieces
 27060 | Orc:2    | Found a staircase to the Elven Halls.
 27359 | Orc:2    | Noticed an orc warlord
 27420 | Orc:1    | Killed an orc warlord
 27577 | Orc:2    | Reached skill level 15 in Stealth
 27727 | Orc:2    | Found Jalim's Magic Scroll Shoppe.
 27732 | Orc:2    | Found Tedoeh's Jewellery Shoppe.
 28087 | Orc:2    | Found Hasediecw's Weapon Boutique.
 28411 | D:13     | Noticed Jorgrun
 28734 | D:13     | Killed Jorgrun
 29635 | D:13     | Reached XP level 16. HP: 131/141 MP: 6/39
 29804 | D:13     | Found a gate to the Vaults.
 30326 | D:14     | Found a gate leading to a gauntlet.
 30384 | Gauntlet | Entered a Gauntlet
 30384 | Gauntlet | Found a transporter.
 30459 | Gauntlet | Found a transporter.
 30474 | Gauntlet | Found a transporter.
 30478 | Gauntlet | Found a transporter.
 30498 | Gauntlet | Found a transporter.
 30510 | Gauntlet | Found a runed translucent gate.
 30511 | Gauntlet | Found a transporter.
 30511 | Gauntlet | Found a runed translucent gate.
 30515 | Gauntlet | Found a transporter.
 30519 | Gauntlet | Found a transporter.
 30523 | Gauntlet | Found a runed translucent gate.
 30524 | Gauntlet | Identified the ring of Feluic {rCorr Str+2 Dex+6}
 30542 | Gauntlet | Found a transporter.
 30554 | Gauntlet | Found a transporter.
 30554 | Gauntlet | Found a transporter.
 30558 | Gauntlet | Found a transporter.
 30788 | Gauntlet | Identified the +7 shortbow of Xofruh {freeze, rC+ Dex+3}
 30953 | Gauntlet | Identified the +2 kite shield of Bad Feelings {rF+}
 30954 | Gauntlet | Identified Sif Muna's Exposition on the Cemetery and
                  | Portals
 32090 | D:15     | Entered Level 15 of the Dungeon
 32327 | D:15     | Found a staircase to the Depths.
 32882 | D:15     | Reached skill level 16 in Stealth
 33352 | Orc:2    | Bought a ring of flight for 297 gold pieces
 33498 | Swamp:1  | Entered Level 1 of the Swamp
 33984 | Swamp:1  | Upgraded the game from 0.30-a0-845-g7c6808c8ce to
                  | 0.30-a0-847-g17996783a1
 34255 | Swamp:1  | Identified Roxanne's Catalogue of Clay
 34255 | Swamp:1  | Noticed Roxanne
 34269 | Swamp:1  | Killed Roxanne
 34270 | Swamp:1  | Reached skill level 10 in Conjurations
 34270 | Swamp:1  | Reached skill level 10 in Summonings
 34270 | Swamp:1  | Reached skill level 10 in Translocations
 35387 | Swamp:2  | Slain by a shambling mangrove

Illustrated notes

Levels and vault maps discovered:
D:1:      roderic_crossed_star, layout_loops_corners, minmay_parallelograms,
          hex_medium, hangedman_decor_growths
D:2:      layout_loops_corners
D:3:      layout_rooms, nicolae_overflow_crystal_walls,
          ebering_ecumenical_altar_hall, guppyfry_early_orc_mine
D:4:      layout_basic, zin_academy, gammafunk_temple_overflow_statue,
          nicolae_ossuary_entry_plus, dk_noncrumbling_4, bh_walls_and_bars
D:5:      layout_cave_pools, minmay_ogre_servants
D:6:      layout_rooms, uniq_sigmund
D:7:      layout_rooms, nicolae_overflow_hidden_temple, temple_fountains,
          serial_shops, shop_statue, uniq_pikel
D:8:      nicolae_moon_pools, layout_gridville, david_lair_shrubbed,
          grunt_ministairs_14, uniq_psyche
D:9:      kennysheep_big_flooded_room, layout_rooms, david_orc_5,
          gammafunk_ghost_abyssal_escape, fungi_pond_lemuel
D:10:     layout_loops_ring, mainiacjoe_overflow_chevrons,
          chequers_serial_rivers_marsh, serial_bayou_pond_a,
          hangedman_decor_push
D:11:     layout_irregular_city, uniq_snorg
D:12:     layout_roguey, serial_corexii_hall, corexii_hall_statues_x,
          chequers_hall_statues_y, chequers_hall_statues_corner_a,
          chequers_hall_statues_corner_a, chequers_hall_statues_wall_a,
          corexii_hall_statues_x, statue_in_the_mist_lemuel,
          nicolae_gozag_seed_capital
D:13:     layout_basic, grunt_vaults_entry_tiered, uniq_jorgrun
D:14:     layout_small_grid, gauntlet_entry_generic, minmay_holes, serial_glass,
          glass_columns_a, glass_columns_a, feat_on_display, item_on_display_a
D:15:     hangedman_depths_entry_civil_slaughter, layout_basic
Temple:   minmay_temple_bridge_d
Lair:1:   layout_regular_city, chequers_serial_rivers_room_b
Lair:2:   layout_layer_cave, infiniplex_staircase_pool, uniq_amaemon
Lair:3:   layout_roguey, swamp_mist, nicolae_spider_entry_lesser_pyramids,
          kilobyte_rumbling_trees
Lair:4:   layout_regular_city, portal_ice_cave_entry_pillars_1, basic_altar,
          st_stairs_3, beast_lair_carwin_5
Lair:5:   evilmike_catoblepas_cave, layout_hall_layers, slime_entry_1,
          uniq_kirke
Swamp:1:  layout_basic_swamp, nicolae_swamp_ascending_descending_big,
          uniq_roxanne
Swamp:2:  layout_basic_swamp, evilmike_swamp_ruin_house_4, swamp_pool1
Orc:1:    layout_caves, basic_altar, hangedman_minor_magic, uniq_maurice
Orc:2:    st_orc_ogre_mass, layout_caves, serial_shops, shop, shop,
          nicolae_shop_stone, nicolae_shop_window_shopping, shop, mines4_lemuel

Skill      XL: |  1  2  3  4  5  6  7  8  9 10 11 12 13 14 15 16 |
---------------+-------------------------------------------------+-----
Conjurations   | 2 3 4 5 6 7 8 9 10 | 10.0
Summonings     | 2 3 4 5 6 7 8 9 10 | 10.0
Translocations | 2 3 4 5 6 7 8 9 10 | 10.0
Invocations    | 1 2 3 4 5 6 7 8 9 10 11 12 | 12.6
Fighting       | 1 2 3 5 6 7 8 9 10 11 | 11.6
Short Blades   | 1 2 3 5 6 7 8 9 10 11 | 11.6
Long Blades    | 1 2 3 5 6 7 8 9 10 11 | 11.6
Axes           | 1 2 3 5 6 7 8 9 10 11 | 11.6
Maces & Flails | 1 2 3 5 6 7 8 9 10 11 | 11.6
Polearms       | 1 2 3 5 6 7 8 9 10 11 | 11.6
Staves         | 1 2 3 5 6 7 8 9 10 11 | 11.6
Ranged Weapons | 1 2 3 5 6 7 8 9 10 11 | 11.6
Throwing       | 1 2 3 5 6 7 8 9 10 11 | 11.6
Armour         | 1 2 3 5 6 7 8 9 10 11 | 11.6
Shields        | 1 2 3 5 6 7 8 9 10 11 | 11.6
Unarmed Combat | 1 2 3 5 6 7 8 9 10 11 | 11.6
Evocations     | 1 2 3 5 6 7 8 9 10 11 | 11.6
Hexes          | 1 2 3 4 5 6 7 8 9 |  9.8
Necromancy     | 1 2 3 4 5 6 7 8 9 |  9.8
Transmutations | 1 2 3 4 5 6 7 8 9 |  9.8
Fire Magic     | 1 2 3 4 5 6 7 8 9 |  9.8
Ice Magic      | 1 2 3 4 5 6 7 8 9 |  9.8
Air Magic      | 1 2 3 4 5 6 7 8 9 |  9.8
Earth Magic    | 1 2 3 4 5 6 7 8 9 |  9.8
Poison Magic   | 1 2 3 4 5 6 7 8 9 |  9.8
Dodging        | 5 6 7 8 9 10 11 12 | 12.4
Stealth        | 5 6 7 9 10 11 13 14 15 16 | 16.2
Spellcasting   | 8 9 10 11 12 13 | 13.5

Action                     |  1- 3 |  4- 6 |  7- 9 | 10-12 | 13-15 | 16-18 || total
---------------------------+-------+-------+-------+-------+-------+-------++-------
  Melee: Dagger            |    71 |   104 |   304 |    87 |    16 |    23 ||   605
         Bite              |     6 |     5 |    33 |    92 |   225 |    55 ||   416
         Punch             |       |     1 |     9 |     8 |       |       ||    18
         Spear             |       |       |    42 |   394 |       |       ||   436
         Unarmed           |       |       |       |    11 |       |       ||    11
         Demon whip        |       |       |       |   125 |  1173 |   187 ||  1485
         Eveningstar       |       |       |       |       |       |   109 ||   109
  Throw: Dart              |       |       |    10 |       |       |       ||    10
         Stone             |       |       |     2 |       |       |       ||     2
   Cast: Magic Dart        |    23 |    56 |    66 |    46 |   135 |    28 ||   354
         Slow              |    16 |    18 |    45 |     1 |       |       ||    80
         Call Imp          |    11 |     9 |    32 |    22 |     3 |       ||    77
         Mephitic Cloud    |       |       |    25 |    42 |    21 |     1 ||    89
         Sticky Flame      |       |       |       |    66 |    99 |    18 ||   183
         Leda's Liquefacti |       |       |       |       |    41 |     7 ||    48
         Iron Shot         |       |       |       |       |   113 |    49 ||   162
         Iskenderun's Batt |       |       |       |       |    27 |     6 ||    33
         Dispersal         |       |       |       |       |     7 |     1 ||     8
 Invoke: Curse Item        |       |       |       |     7 |     4 |     2 ||    13
         Shatter the Chain |       |       |       |       |     3 |     2 ||     5
  Evoke: Tin of tremorston |       |       |       |       |       |     1 ||     1
    Use: Potion            |     3 |       |     1 |     8 |     2 |     1 ||    15
         Scroll            |     2 |       |     9 |     2 |     7 |     3 ||    23
   Stab: Sleeping          |     7 |     2 |     6 |    21 |    14 |    18 ||    68
         Distracted        |       |     2 |       |     2 |     2 |     1 ||     7
         Confused          |       |       |    11 |    31 |    22 |     1 ||    65
         Petrified         |       |       |       |    14 |       |     8 ||    22
         Petrifying        |       |       |       |       |       |     2 ||     2
 Armour: Leather armour    |     5 |    25 |    65 |   100 |   134 |       ||   329
         Skin              |     1 |       |    22 |    37 |       |       ||    60
         Acid dragon scale |       |       |       |       |    85 |    94 ||   179
  Dodge: Dodged            |    28 |    48 |   213 |   412 |   767 |   171 ||  1639
  Block: Buckler           |       |       |       |    77 |   357 |    23 ||   457
         Kite shield       |       |       |       |       |       |   151 ||   151

Table legend: (Time is in decaauts)
 A = Elapsed time spent in this place.
 B = Non-inter-level travel time spent in this place.
 C = Inter-level travel time spent in this place.
 D = Time resting spent in this place.
 E = Time spent auto-exploring this place.
 F = Levels seen in this place.
 G = Mean time per level.
                   A        B        C        D        E       F      G
               +--------+--------+--------+--------+--------+-----+--------+
         Total |  34537 |  32767 |   1770 |  10719 |  13089 |  28 | 1233.5 |
       Dungeon |  18861 |  17702 |   1159 |   5071 |   7572 |  15 | 1257.4 |
        Temple |    182 |    112 |     70 |      0 |     77 |   1 |  182.0 |
          Lair |   8273 |   7949 |    324 |   2445 |   3663 |   5 | 1654.6 |
         Swamp |   1442 |   1357 |     85 |    549 |    440 |   2 |  721.0 |
  Orcish Mines |   3737 |   3605 |    132 |   1756 |   1048 |   2 | 1868.5 |
       Ossuary |    350 |    350 |      0 |    117 |     23 |   1 |  350.0 |
      Ice Cave |   1090 |   1090 |      0 |    528 |    125 |   1 | 1090.0 |
      Gauntlet |    598 |    598 |      0 |    253 |    140 |   1 |  598.0 |
               +--------+--------+--------+--------+--------+-----+--------+

Top non-repeatable levels by time:
  Lair:4: 2348 daAuts
     D:9: 2102 daAuts
   Orc:1: 2074 daAuts
  Lair:2: 1848 daAuts
     D:8: 1673 daAuts
   Orc:2: 1663 daAuts
    D:13: 1535 daAuts
  Lair:5: 1437 daAuts
  Lair:3: 1426 daAuts
     D:6: 1371 daAuts
    D:11: 1367 daAuts
     D:2: 1316 daAuts
    D:12: 1264 daAuts
 Swamp:1: 1262 daAuts
    D:14: 1215 daAuts
